 Dungeon Crawl Stone Soup version 0.29-a0-8-g0446c0dae4 (webtiles) character file.

Game seed: 4597332663407113113

1051 shoop the Covert (level 8, 45/45 HPs)
             Began as a Vampire Delver on Jan 27, 2022.
             Was a Believer of Nemelex Xobeh.
             Quit the game on level 6 of the Dungeon on Jan 28, 2022.
             The game lasted 00:13:08 (6223 turns).

shoop the Covert (Vampire Delver)                   Turns: 6223, Time: 00:13:08

Health: 45/45      AC:  8    Str: 13 (15) XL:     8   Next: 5%
Magic:  11/11      EV: 12    Int: 13 (15) God:    Nemelex Xobeh [**....]
Gold:   271        SH:  0    Dex: 13 (15) Spells: 7/7 levels left

rFire   . . .      SeeInvis +   b - +6 mace of Git Xizuafre {speed, Str+4}
rCold   + + .      Faith    .   (no shield)
rNeg    + + +      Spirit   .   z - +2 robe {Will+}
rPois   ∞          Reflect  .   E - +0 helmet
rElec   .          Harm     .   (no cloak)
rCorr   .          Rampage  .   v - +1 pair of gloves
Will    +....                   p - +0 pair of boots
Stlth   ++++++....              (no amulet)
HPRegen 0.15/turn               (no ring)
MPRegen 0.12/turn               (no ring)

@: bloodless
A: bloodless, fangs 3, see invisible, vampiric 2
a: Bat Form, Revivify, Renounce Religion, Draw Escape, Draw Destruction, Draw
Summoning


You were on level 6 of the Dungeon.
You worshipped Nemelex Xobeh.
Nemelex Xobeh was pleased with you.
You visited 1 branch of the dungeon, and saw 6 of its levels.

You collected 271 gold pieces.

Inventory:

Hand Weapons
 a - a +2 dagger of speed
 b - the +6 mace of Git Xizuafre (weapon) {speed, Str+4}
   (You found it on level 3 of the Dungeon)

   Attacks with this weapon are significantly faster.
   Str:       It affects your strength (+4).
Missiles
 o - 3 datura-tipped darts (quivered)
Armour
 p - a +0 pair of boots (worn)
 v - a +1 pair of gloves (worn)
 z - a +2 robe of willpower (worn)
 B - a +0 leather armour
 E - a +0 helmet (worn)
Jewellery
 A - a ring of protection from cold
Wands
 g - a wand of digging (6)
 k - a wand of iceblast (9)
 m - a wand of flame (21)
 C - a wand of polymorph (11)
Scrolls
 c - a scroll of fog
 d - a scroll of magic mapping
 e - a scroll of fear
 h - 2 scrolls of amnesia {unknown}
 j - a scroll of enchant armour {unknown}
 r - 4 scrolls of immolation {unknown}
 s - 6 scrolls of identify {unknown}
 x - a scroll of silence {unknown}
 y - 2 scrolls of noise {unknown}
 F - a scroll of brand weapon {unknown}
Potions
 f - 4 potions of haste
 i - 2 potions of curing {unknown}
 l - a potion of lignification {unknown}
 n - a potion of mutation {unknown}
 q - 4 potions of flight {unknown}
 t - a potion of degeneration {unknown}
 u - a potion of might {unknown}
 w - a potion of cancellation {unknown}
 D - a potion of heal wounds {unknown}


   Skills:
 - Level 2.6 Fighting
 + Level 7.2 Short Blades
 - Level 2.1 Dodging
 - Level 9.1 Stealth
 + Level 4.2 Invocations
 - Level 3.0 Evocations


You had 7 spell levels left.
You didn't know any spells.
Your spell library contained the following spells:

 Spells                   Type           Power      Damage    Failure   Level
 Freeze                   Ice            0%         1d3       30%         1
 Corpse Rot               Necr/Air       0%         N/A       43%         2
 Poisonous Vapours        Pois/Air       0%         N/A       43%         2
 Frozen Ramparts          Ice            0%         1d2       67%         3
 Hailstorm                Conj/Ice       0%         3d3       97%         4


Dungeon Overview and Level Annotations

Branches:
Dungeon (6/15)
 Temple: D:4-7

Altars:
Kikubaaqudgha
Nemelex Xobeh
The Shining One

Shops:
D:1 !   D:3 (   D:5 (   D:6 (


Innate Abilities, Weirdness & Mutations

You do not regenerate when monsters are visible.
You are frail without blood (-20% HP).
You can heal yourself when you bite living creatures.
You are immune to poison.
You have razor-sharp teeth.
You have supernaturally acute eyesight. (SInv)
You are afflicted with vampirism and can become a bat while bloodless.


Message History

The bullfrog skeleton hits you but does no damage.
You barely miss the bullfrog skeleton. You bite the bullfrog skeleton.
The bullfrog skeleton is heavily damaged.
You hit the bullfrog skeleton.
The bullfrog skeleton is heavily damaged.
The bullfrog skeleton hits you but does no damage.
You feel stronger.
Your hands tingle!
b - the +6 mace of Git Xizuafre (weapon)
{speed, Str+4} You hit the bullfrog skeleton.
The bullfrog skeleton is severely damaged.
The bullfrog skeleton closely misses you.
The bullfrog skeleton hits you but does no damage.
You barely miss the bullfrog skeleton.
The bullfrog skeleton is severely damaged.
The bullfrog skeleton barely misses you.
You hit the bullfrog skeleton.
The bullfrog skeleton is almost destroyed.
The bullfrog skeleton hits you but does no damage.
You hit the bullfrog skeleton.
You destroy the bullfrog skeleton!
No target in view!
No target in view!
HP restored.
Found Nyofuat's Weapon Shoppe.
There is an entrance to Nyofuat's Weapon Shoppe here.
There is a fountain of clear blue water here.
Found a stone staircase leading down.
Found a short sword.
Found 15 bolts.
Save game and exit?
Welcome back, shoop the Vampire Delver.
Nemelex Xobeh says: It's all in the cards!
Press ? for a list of commands and other information.
Are you sure you want to abandon this character and quit the game? (Confirm with "yes".)
Okay, then.
Unknown command.
Are you sure you want to abandon this character and quit the game? (Confirm with "yes".)
Okay, then.
Are you sure you want to abandon this character and quit the game? (Confirm with "yes".)

.>....# ##.## #.#
.###..# #.#### #.#
####..# #....# #.#
......# ####.####.#
#####.# #⌠.⌠##.#
......# #.∩.##.####
#####.# #⌠.⌠##....#
#.#
.###########...#####.#
#.# (......@......##
#.# #####.#
###########..## #.#
......# #..#######.#
#####.# #..........#
......#
#######.#########
####### #.......#
###########.#######
#####...........#
......###########


There were no monsters in sight!

Vanquished Creatures
  Sigmund (D:3)
  A phantom (D:2)
  A bullfrog (D:6)
  3 hounds
  A jelly (D:4)
  An orc priest (D:3)
  Crazy Yiuf (D:3)
  2 bullfrog skeletons
  Natasha (twice) (D:3)
  2 orc wizards
  A hound zombie (D:5)
  3 gnolls
  4 adders
  A river rat (D:5)
  6 dart slugs
  23 orcs
  2 bats (D:3)
  8 endoplasms
  8 giant cockroaches
  5 goblins
  7 hobgoblins
  6 jackals
  4 quokkas
  12 ball pythons
  2 frilled lizards
  7 kobolds
  5 rats
119 creatures vanquished.

Vanquished Creatures (collateral kills)
  Grinder (D:3)
1 creature vanquished.

Grand Total: 120 creatures vanquished

Notes
Turn   | Place    | Note
-------+----------+-------------------------------------------
     0 | D:5      | shoop the Vampire Delver began the quest for the Orb.
     0 | D:5      | Reached XP level 1. HP: 17/17 MP: 1/1
     7 | D:6      | Noticed a bullfrog
     7 | D:6      | Noticed an ogre
     7 | D:6      | Noticed a hound
    10 | D:6      | Killed a bullfrog
    11 | D:6      | Reached skill level 8 in Stealth
    11 | D:6      | Reached XP level 2. HP: 8/18 MP: 2/2
    11 | D:6      | Gained mutation: You are afflicted with vampirism and can
                  | become a bat while bloodless. [Vampire growth]
    11 | D:6      | Reached XP level 3. HP: 10/22 MP: 3/3
    11 | D:6      | Reached XP level 4. HP: 13/27 MP: 4/4
   216 | D:4      | Noticed an ogre
   264 | D:5      | Found Ceshi's Antique Weapon Shoppe.
   292 | D:5      | Reached skill level 9 in Stealth
   725 | D:4      | Reached XP level 5. HP: 31/31 MP: 5/5
   793 | D:4      | Found a sparkling altar of Nemelex Xobeh.
   818 | D:4      | Became a worshipper of Nemelex Xobeh the Trickster
   874 | D:3      | Noticed Natasha
   876 | D:3      | Killed Natasha
  1143 | D:1      | Reached skill level 1 in Evocations
  1323 | D:1      | Found a faded altar of an unknown god.
  1375 | D:1      | Reached * piety under Nemelex Xobeh
  1537 | D:1      | Found Riehynas's Distillery.
  1629 | D:1      | Received a gift from Nemelex Xobeh
  2066 | D:2      | Found an ancient bone altar of Kikubaaqudgha.
  2118 | D:2      | Noticed a phantom
  2120 | D:2      | Killed a phantom
  2121 | D:2      | Reached skill level 5 in Short Blades
  2121 | D:2      | Reached skill level 1 in Invocations
  2121 | D:2      | Reached XP level 6. HP: 36/36 MP: 6/6
  2451 | D:3      | Noticed Grinder
  2451 | D:3      | Received a gift from Nemelex Xobeh
  2462 | D:3      | Paralysed by Grinder for 3 turns
  2468 | D:3      | Killed Grinder
  2469 | D:3      | Reached XP level 7. HP: 11/40 MP: 6/8
  2797 | D:3      | Found Neuptodu's Weapon Emporium.
  2804 | D:3      | Noticed Natasha
  2825 | D:3      | Killed Natasha
  3093 | D:3      | Found a runed translucent door.
  3094 | D:3      | Noticed Crazy Yiuf
  3209 | D:3      | Noticed Sigmund
  3362 | D:3      | Killed Sigmund
  3761 | D:3      | Identified the +6 mace of Git Xizuafre {speed, Str+4}
  3763 | D:3      | Killed Crazy Yiuf
  4084 | D:4      | Reached ** piety under Nemelex Xobeh
  5941 | D:6      | Reached XP level 8. HP: 44/45 MP: 11/11
  6165 | D:6      | Found Nyofuat's Weapon Shoppe.
  6223 | D:6      | Quit the game

Illustrated notes

Levels and vault maps discovered:
D:1:      amcnicky_arrival_blooded_trapdoor, layout_loops_ring, serial_shops,
          shop, basic_ecumenical_altar, minivault_25, st_stairs_7
D:2:      layout_basic, basic_altar, guppyfry_early_lair_pool
D:3:      minmay_chambers_of_threes, layout_basic, serial_shops, shop_fountains,
          uniq_grinder, uniq_sigmund, uniq_natasha, uniq_crazy_yiuf_cottage
D:4:      layout_gridville, tso_oasis_becter, mainiacjoe_overflow_brackets
D:5:      layout_loops_corners, serial_shops, shop
D:6:      layout_loops_ring, minmay_temple_entry_glass, serial_shops,
          shop_fountains

Skill      XL: |  1  2  3  4  5  6  7 |
---------------+----------------------+-----
Short Blades   | 3 4 5 7 |  7.2
Stealth        | 8 9 |  9.1
Evocations     | 2 3 |  3.0
Invocations    | 1 2 4 |  4.2
Fighting       | |  2.6
Dodging        | |  2.1

Action                   |  1- 3 |  4- 6 |  7- 9 || total
-------------------------+-------+-------+-------++-------
Melee: Short sword       |     3 |   146 |   140 ||   289
       Bite              |     1 |    10 |    23 ||    34
       Punch             |       |     1 |     1 ||     2
       Mace              |       |       |    59 ||    59
       Dagger            |       |       |     6 ||     6
Invok: Draw Destruction  |       |     1 |     2 ||     3
       Draw Summoning    |       |     1 |       ||     1
       Draw Escape       |       |       |     1 ||     1
 Abil: Exsanguinate      |     1 |       |       ||     1
       End Transformatio |       |       |     1 ||     1
       Bat Form          |       |       |     1 ||     1
 Stab: Sleeping          |     1 |    37 |     7 ||    45
       Distracted        |       |       |     2 ||     2
Armor: Leather armour    |       |    29 |    12 ||    41
       Robe              |       |       |    31 ||    31
Dodge: Dodged            |     2 |    58 |    97 ||   157

Table legend: (Time is in decaauts)
 A = Elapsed time spent in this place.
 B = Non-inter-level travel time spent in this place.
 C = Inter-level travel time spent in this place.
 D = Time resting spent in this place.
 E = Time spent auto-exploring this place.
 F = Levels seen in this place.
 G = Mean time per level.
                   A        B        C        D        E       F      G
               +--------+--------+--------+--------+--------+-----+--------+
         Total |   6131 |   5878 |    253 |    385 |   4324 |   6 | 1021.8 |
       Dungeon |   6131 |   5878 |    253 |    385 |   4324 |   6 | 1021.8 |
               +--------+--------+--------+--------+--------+-----+--------+

Top non-repeatable levels by time:
     D:3: 1599 daAuts
     D:5: 1585 daAuts
     D:4: 1221 daAuts
     D:1: 739 daAuts
     D:2: 590 daAuts
     D:6: 393 daAuts
